 Dungeon Sprint DCSS version 0.20-a0-792-g09bcfd3 (webtiles) character file.

157 Morrissey the Ruffian (level 5, -3/48 HPs)
             Began as a Draconian Transmuter on Feb 28, 2017.
             Was an Initiate of Makhleb.
             Slain by a two-headed ogre
             ... wielding a +0 giant spiked club
              (6 damage)
             ... in the Dungeon (Sprint IX: "|||||||||||||||||||||||||||||").
             The game lasted 00:01:30 (254 turns).

Morrissey the Ruffian (Draconian Transmuter)         Turns: 254, Time: 00:01:31

Health: -3/48      AC:  4    Str: 15    XL:     5   Next: 15%
Magic:  2/8        EV: 23    Int: 15    God:    Makhleb [......]
Gold:   0          SH:  0    Dex: 16    Spells: 4/8 levels left

rFire    . . .     SeeInvis .     - Unarmed
rCold    . . .     Gourm    .   (armour unavailable)
rNeg     . . .     Faith    .   (shield currently unavailable)
rPois    x         Spirit   .   (helmet currently unavailable)
rElec    .         Reflect  .   (cloak currently unavailable)
rCorr    .         Harm     .   (gloves currently unavailable)
MR       .....     NoTele   +   (boots currently unavailable)
Stlth    +.........             (no amulet)
Regen    0.2/turn               r - +2 ring of protection
MPRegen  0.2/turn               q - +3 ring of strength

@: spider-form, very slightly contaminated, invisible
A: unfitting armour, (cold-blooded), AC +5
a: End Transformation, Renounce Religion


You were in the Dungeon.
You worshipped Makhleb.
Makhleb was noncommittal.
You were not hungry.
You were a venomous arachnid creature.
You visited 1 branch

Inventory:

Missiles
 a - 12 arrows
Armour
 o - a +0 cloak (melded)
 p - a +0 pair of gloves (melded)
Magical Staves
 b - an uncursed staff of energy
Jewellery
 q - a +3 ring of strength (left front leg)
 r - a +2 ring of protection (right front leg)
Wands
 m - a wand of lightning (7/15)
Scrolls
 i - 2 scrolls of blinking
 k - 3 scrolls of remove curse
 l - 2 scrolls of amnesia
Potions
 d - 5 potions of curing
 f - a potion of haste
 g - 4 potions of magic
 j - 2 potions of heal wounds
Books
 n - a book of Changes

   Spells                             Type                      Level
   a - Beastly Appendage              Transmutation                1
   b - Sticks to Snakes               Transmutation                2
   c - Spider Form                    Transmutation/Poison         3
   d - Ice Form                       Ice/Transmutation            4
   e - Blade Hands                    Transmutation                5
Comestibles
 c - a bread ration
 h - 6 chunks of flesh


   Skills:
 + Level 5.4 Fighting
 + Level 4.8 Dodging
 * Level 7.7 Unarmed Combat
 - Level 2.0 Spellcasting
 + Level 3.6 Transmutations


You had 4 spell levels left.
You knew the following spells:

 Your Spells              Type           Power        Failure   Level  Hunger
a - Beastly Appendage     Tmut           ##....       17%         1    #......
b - Spider Form           Tmut/Pois      #.........   56%         3    ###....


Dungeon Overview and Level Annotations

Branches:
Dungeon (1/1)

Altars:
Cheibriados
Dithmenos
Elyvilon
Fedhas
Gozag
Hepliaklqana
Kikubaaqudgha
Makhleb
Nemelex Xobeh
Okawaru
Qazlal
Ru
Sif Muna
Trog
Uskayaw
Vehumet
Wu Jian
Xom
Yredelemnul
Zin
The Shining One
Beogh
Jiyva
Lugonu


Innate Abilities, Weirdness & Mutations

((Your plain brown scales are hard. (AC +5)))
You cannot fit into any form of body armour.
((You are cold-blooded and may be slowed by cold attacks.))


Message History

Confirm with . or Enter, or press ? or * to list all spells.
You turn into a venomous arachnid creature.
Your +0 cloak melds into your body.
Your +0 pair of gloves melds into your body.
* * * LOW MAGIC WARNING * * *
The two-headed ogre misses you. The two-headed ogre barely misses you.
You hit the two-headed ogre but do no damage.
The two-headed ogre is moderately wounded.
You hear some strange, mumbled words.
You completely miss the two-headed ogre.
The two-headed ogre is heavily wounded.
The two-headed ogre completely misses you.
The two-headed ogre misses you.
You bite the two-headed ogre!
The two-headed ogre looks as sick as possible!
The two-headed ogre is severely wounded.
The two-headed ogre hits you with a giant spiked club!!
* * * LOW HITPOINT WARNING * * *
The two-headed ogre hits you with a dire flail.
You die...

▓.▓
▓)▓
▓.▓
▓.▓
▓[▓
▓.▓
▓.▓
▓'▓
▓s▓
▓O▓
▓o▓
▓h▓
▓{▓
▓.▓
▓+▓


You could see a two-headed ogre, an orc warrior and a hound.

Vanquished Creatures
  A black bear (D)
  A hound (D)
  An iguana (D)
  An adder (D)
  A leopard gecko (D)
  A bat skeleton (D)
  A giant cockroach (D)
  A goblin (D)
  A hobgoblin (D)
  2 kobolds (D)
  A rat (D)
12 creatures vanquished.

Notes
Turn   | Place    | Note
-------+----------+-------------------------------------------
     0 | D        | Morrissey the Draconian Transmuter began the quest for the Orb.
     0 | D        | Reached XP level 1. HP: 16/16 MP: 3/3
   130 | D        | Noticed an iguana
   130 | D        | Noticed a hound
   136 | D        | Killed an iguana
   136 | D        | Reached skill level 5 in Unarmed Combat
   136 | D        | Reached XP level 2. HP: 26/26 MP: 1/5
   136 | D        | Reached XP level 3. HP: 31/31 MP: 1/6
   148 | D        | Reached skill level 6 in Unarmed Combat
   148 | D        | Reached XP level 4. HP: 41/41 MP: 2/7
   167 | D        | Found a roughly hewn altar of Beogh.
   167 | D        | Found a snail-covered altar of Cheibriados.
   167 | D        | Found a shadowy altar of Dithmenos.
   167 | D        | Found a white marble altar of Elyvilon.
   167 | D        | Found a blossoming altar of Fedhas.
   167 | D        | Found an opulent altar of Gozag.
   176 | D        | Found a hazy altar of Hepliaklqana.
   177 | D        | Found a viscous altar of Jiyva.
   178 | D        | Found an ancient bone altar of Kikubaaqudgha.
   179 | D        | Found a corrupted altar of Lugonu.
   180 | D        | Found a burning altar of Makhleb.
   181 | D        | Found a sparkling altar of Nemelex Xobeh.
   182 | D        | Found an iron altar of Okawaru.
   183 | D        | Found a stormy altar of Qazlal.
   184 | D        | Found a sacrificial altar of Ru.
   185 | D        | Found a deep blue altar of Sif Muna.
   186 | D        | Found a bloodstained altar of Trog.
   187 | D        | Found a hide-covered altar of Uskayaw.
   188 | D        | Became a worshipper of Makhleb the Destroyer
   189 | D        | Found a radiant altar of Vehumet.
   190 | D        | Found an ornate altar of the Wu Jian Council.
   191 | D        | Found a shimmering altar of Xom.
   192 | D        | Found a basalt altar of Yredelemnul.
   193 | D        | Found a glowing silver altar of Zin.
   194 | D        | Found a glowing golden altar of the Shining One.
   237 | D        | Learned a level 3 spell: Spider Form
   239 | D        | Noticed a black bear
   239 | D        | Noticed an orc warrior
   239 | D        | Noticed a two-headed ogre
   248 | D        | Killed a black bear
   248 | D        | Reached skill level 5 in Fighting
   248 | D        | Reached skill level 7 in Unarmed Combat
   248 | D        | Reached XP level 5. HP: 44/48 MP: 5/8
   254 | D        | Slain by a two-headed ogre

Vault maps used:
D:        linesprint

Skill      XL: |  1  2  3  4 |
---------------+-------------+-----
Dodging        | 3 4 |  4.8
Fighting       | 3 4 5 |  5.4
Unarmed Combat | 5 6 7 |  7.7
Transmutations | 3 |  3.6
Spellcasting   | |  2.0

Action                   |  1- 3 |  4- 6 || total
-------------------------+-------+-------++-------
Melee: Unarmed           |    26 |    15 ||    41
       Headbutt          |     3 |       ||     3
       Kick              |     2 |       ||     2
       Tailslap          |     2 |       ||     2
 Cast: Beastly Appendage |     2 |       ||     2
       Spider Form       |       |     2 ||     2
  Use: Potion            |     2 |     1 ||     3
 Stab: Invisible         |       |     2 ||     2
Armor: Skin              |     2 |     1 ||     3
Dodge: Dodged            |    14 |    19 ||    33
